Map: Lost and Found LE

Players

Blacknwhite - Winner!

  • Race: Terran Terran
  • League: Platinum
  • Spawn Location: 7:00

Manaburn

  • Race: Protoss Protoss
  • League: Platinum
  • Spawn Location: 1:00

VOD

Have the link to the VOD?

Description

Time

  • Played on: June 19, 2018, 6:29 p.m.
  • Length: 18:27
Show
View Real Time Build Order
Export as new Build Order

Blacknwhite Terran - Winner!

Build Orders:  

Get SALT Encoding   

  12  0:01  SCV  
  13  0:13  SCV  
  14  0:17  Supply Depot  
  14  0:25  SCV  
  15  0:37  Refinery  
  15  0:38  SCV  
  16  0:45  Barracks  
  16  0:50  SCV  
  17  1:02  SCV  
  18  1:07  Barracks  
  18  1:15  SCV  
  19  1:27  SCV  
  20  1:33  Supply Depot  
  20  1:34  Barracks Tech Lab  
  20  1:39  SCV  
  21  1:55  Refinery  
  21  1:57  Marauder, Barracks Tech Lab  
  21  2:00  Barracks  
  23  2:04  Concussive Shells  
  23  2:05  SCV  
  24  2:17  Marauder  
  24  2:20  SCV  
  27  2:25  Supply Depot  
  27  2:29  Marauder  
  29  2:32  SCV  
  30  2:46  Marauder  
  30  2:51  Marauder, Barracks Tech Lab  
  34  3:06  Supply Depot  
  34  3:08  Marauder  
  34  3:12  Marauder  
  38  3:17  Marauder  
  38  3:23  SCV  
  39  3:29  Marauder  
  39  3:33  Marauder  
  43  3:38  Marauder  
  45  3:51  Marauder  
  41  4:19  Marauder x2  
  41  4:21  Marauder  
  43  4:41  Marauder x2  
  47  4:50  Supply Depot  
  47  5:00  Marauder  
  47  5:04  Marauder  
  47  5:06  Marauder  
  43  5:21  Marauder  
  43  5:25  Marauder  
  43  5:28  Marauder  
  45  5:42  Marauder  
  45  5:47  Marauder, Barracks  
  45  5:49  Marauder  
  47  5:52  SCV  
  50  6:04  Marauder  
  50  6:08  Marauder  
  50  6:11  Marauder  
  54  6:17  Command Center  
  52  6:25  Marauder  
  52  6:29  Marauder  
  44  6:41  Marauder  
  44  6:45  Orbital Command  
  44  6:47  Marauder  
  46  7:04  Barracks Reactor  
  46  7:09  Factory  
  46  7:13  Command Center  
  46  7:20  SCV  
  47  7:32  SCV  
  48  7:38  Factory  
  48  7:39  Marine x2  
  48  7:40  Marine  
  51  7:44  SCV  
  52  7:54  Refinery  
  52  7:56  SCV  
  52  7:57  Starport, Marine  
  54  8:00  Factory Reactor  
  54  8:08  Orbital Command  
  54  8:24  Marine x2  
  54  8:25  Refinery  
  56  8:27  Marine  
  57  8:37  Orbital Command  
  57  8:41  Marine, Combat Shields  
  57  8:44  Stimpack  
  58  8:51  Marine  
  58  8:52  Marine  
  58  8:55  Barracks  
  60  8:59  Marine  
  60  9:00  Engineering Bay  
  61  9:03  SCV  
  61  9:09  Marine  
  63  9:15  Medivac, SCV  
  63  9:16  Medivac  
  68  9:20  Marine x2  
  70  9:28  Marine, SCV  
  70  9:29  Marine x2  
  74  9:40  SCV  
  74  9:44  Marine x2  
  77  9:47  Marauder x2, Marine  
  77  9:52  Missile Turret  
  82  10:00  Medivac, Missile Turret  
  82  10:02  Marine  
  85  10:09  Supply Depot  
  85  10:31  Marauder, Medivac, Marine x3, SCV  
  85  10:34  Marauder  
  83  10:43  SCV  
  83  10:48  Marine x2  
  83  10:49  Marauder  
  83  10:53  Marauder  
  83  10:55  Marine  
  81  11:00  Medivac  
  78  11:06  Marine x2  
  78  11:10  Marauder  
  82  11:12  Medivac  
  82  11:13  Marine  
  82  11:14  Marauder  
  87  11:24  Marine x2  
  89  11:31  Marine x2  
  91  11:35  Marauder  
  93  11:58  Supply Depot  
  93  11:59  Marine, Medivac, Supply Depot x2  
  93  12:04  Medivac  
  93  12:19  Marauder x2, Marine x2  
  99  12:28  Medivac  
  101  12:34  Medivac  
  102  12:39  Marine  
  102  12:40  Marauder, Marine  
  102  12:58  Medivac  
  102  13:00  Marine x2  
  102  13:01  Marauder x2  
  102  13:02  Command Center  
  102  13:04  Medivac  
  110  13:34  Marine  
  110  13:38  Marine  
  109  13:50  Medivac, Marine  
  109  13:51  Marauder x2  
  86  14:08  Marauder  
  76  14:11  Marine x2  
  76  14:12  Marauder x2  
  67  14:29  Marine x2  
  67  14:30  Marauder  
  69  14:33  Marauder, Marine  
  72  14:42  Orbital Command  
  72  14:47  Marine x2  
  72  14:51  Marauder x2  
  73  14:55  Marauder  
  73  14:58  Orbital Command  
  71  15:05  Medivac x2, Marine  
  70  15:15  Refinery  
  70  15:17  Refinery  
  70  15:27  Marine x2  
  70  15:28  Marauder x2, Marine  
  132  15:35  Medivac x2  
  77  15:36  SCV  
  82  15:49  SCV  
  81  15:58  Marauder x2, Marine x3  
  88  16:05  Medivac x2  
  88  16:11  Refinery  
  92  16:13  Refinery  
  92  16:16  Marauder  
  88  16:42  Marine  
  88  16:43  Marauder x3, Marine  
  96  17:00  Marine  
  96  17:01  Marine  
  98  17:05  Marauder x3  
  104  17:17  SCV  
  104  17:18  Marine x2  
  107  17:23  Barracks  
  107  17:24  Barracks  
  107  17:26  Marauder x2, Marine  
  107  17:29  SCV  
  113  17:36  Marine  
  114  17:38  Medivac x2  
  120  17:44  Marauder  
Show
View Real Time Build Order
Export as new Build Order

Manaburn Protoss 

Build Orders:  

Get SALT Encoding   

  12  0:09  Probe  
  13  0:15  Pylon  
  13  0:21  Probe  
  14  0:32  Assimilator  
  14  0:33  Probe  
  15  0:41  Probe  
  15  0:42  Gateway  
  15  0:49  Probe  
  17  0:57  Assimilator  
  17  0:59  Probe  
  18  1:08  Pylon  
  18  1:11  Probe  
  19  1:24  Probe  
  20  1:30  Cybernetics Core  
  20  1:36  Probe  
  21  1:57  Nexus  
  21  1:58  Stalker  
  21  2:00  Probe  
  24  2:13  Probe  
  25  2:23  Gateway  
  25  2:30  Stalker  
  25  2:35  Warp Gate  
  25  2:37  Probe  
  28  2:49  Probe  
  28  2:55  Gateway  
  28  3:01  Probe  
  28  3:02  Stalker  
  31  3:09  Probe  
  32  3:16  Probe  
  32  3:17  Probe  
  32  3:18  Stalker  
  35  3:24  Probe  
  36  3:27  Probe  
  36  3:31  Pylon  
  38  3:36  Stalker  
  38  3:39  Probe  
  41  3:41  Probe  
  41  3:47  Stalker  
  44  3:51  Probe  
  44  3:53  Probe  
  44  4:01  Stalker  
  39  4:19  Stalker x2  
  43  4:27  Probe x2  
  39  4:42  Stalker  
  37  4:48  Probe  
  36  4:59  Stalker x2  
  32  5:15  Stalker  
  32  5:23  Stalker x2  
  36  5:29  Gateway  
  36  5:32  Gateway  
  36  5:40  Stalker  
  36  5:43  Forge  
  36  5:47  Stalker x2  
  40  5:51  Probe x2  
  42  5:59  Pylon  
  42  6:03  Probe x2  
  44  6:06  Stalker  
  46  6:12  Pylon  
  46  6:19  Stalker  
  46  6:28  Protoss Ground Weapons Level 1  
  44  6:34  Stalker x2  
  42  6:42  Stalker  
  42  6:45  Probe x2  
  46  6:54  Stalker x2  
  48  6:56  Probe  
  51  7:03  Robotics Facility  
  51  7:04  Probe  
  51  7:05  Probe  
  52  7:11  Stalker  
  52  7:14  Stalker  
  57  7:18  Probe  
  57  7:22  Probe  
  59  7:23  Assimilator  
  59  7:25  Stalker  
  59  7:28  Stalker  
  63  7:39  Probe x2  
  65  7:44  Pylon  
  65  7:45  Stalker  
  65  7:46  Stalker  
  69  7:52  Observer, Pylon  
  70  8:06  Probe x2  
  70  8:07  Nexus  
  70  8:10  Assimilator  
  72  8:18  Probe  
  73  8:23  Observer  
  74  8:29  Twilight Council  
  74  8:35  Probe x2  
  74  8:40  Pylon  
  76  8:43  Stalker  
  76  8:45  Stalker x2  
  76  8:46  Stalker  
  84  8:53  Assimilator, Probe x2  
  86  9:03  Pylon  
  86  9:05  Pylon  
  86  9:06  Probe  
  86  9:07  Probe  
  86  9:09  Stalker  
  90  9:19  Observer  
  90  9:20  Stalker x2  
  90  9:22  Probe  
  96  9:28  Assimilator, Blink  
  96  9:33  Stalker x2  
  96  9:35  Protoss Ground Weapons Level 2  
  100  9:41  Protoss Air Weapons Level 1  
  100  9:47  Probe  
  100  9:48  Probe  
  100  9:51  Probe  
  103  9:56  Stalker  
  106  10:00  Probe x2  
  108  10:07  Probe  
  108  10:10  Observer  
  108  10:12  Probe  
  108  10:13  Stalker  
  112  10:14  Stalker x2  
  112  10:16  Stalker  
  112  10:20  Pylon  
  118  10:22  Probe x2  
  120  10:32  Observer  
  101  10:49  Stalker x3  
  93  10:50  Stalker x2  
  85  11:00  Immortal  
  69  11:13  Stalker  
  69  11:14  Stalker x2  
  69  11:15  Stalker x2  
  77  11:37  Sentry x2  
  77  11:38  Stalker  
  77  11:39  Stalker x2  
  87  11:48  Shield Battery x2  
  87  11:50  Shield Battery  
  87  11:52  Shield Battery  
  79  12:21  Stalker x2  
  79  12:22  Stalker  
  85  12:31  Pylon  
  84  12:50  Pylon  
  84  12:52  Pylon  
  84  12:53  Protoss Ground Weapons Level 3, Pylon  
  83  13:08  Immortal  
  87  13:16  Stalker  
  70  14:28  Stalker x3  
  70  14:29  Stalker  
  78  14:40  Nexus  
  76  15:06  Probe  
  77  15:25  Pylon  
  77  16:01  Nexus  
  77  16:12  Shield Battery  
  67  17:02  Zealot x2  
  71  17:08  Pylon  
  71  17:09  Nexus  
  71  17:10  Pylon  
  71  17:20  Pylon  
  71  17:24  Pylon  
  71  17:45  Gateway  
  71  17:48  Gateway  
  71  17:51  Gateway  
  71  17:53  Gateway  
  71  17:56  Gateway  
  65  17:59  Probe  
  65  18:01  Gateway x2  
  65  18:02  Gateway  
  65  18:03  Gateway  
  65  18:05  Gateway x2  
  53  18:07  Gateway  
Tags
 
Add a new tag
Caveats
  • Supply blocks, unpowered buildings, or Contaminate may cause inaccurate times.
  • Supply counts are checked every 10 seconds.